Map: Automaton LE

Players

PtitDrogo

  • Race: Protoss Protoss
  • Spawn Location: 9:00

Nerchio - Winner!

  • Race: Zerg Zerg
  • Spawn Location: 3:00

Event: IEM Season 13: Katowice (2019)

VOD

Have the link to the VOD?

Description

Time

  • Played on: Feb. 25, 2019, 10:21 a.m.
  • Length: 9:54

All games in this series

Show
View Real Time Build Order
Export as new Build Order

PtitDrogo Protoss 

Build Orders: 1 Gate Expand, Oracle Opening, Archon Immortal, Archon Drop 

Get SALT Encoding   

  12  0:00  Probe  
  13  0:12  Probe  
  14  0:19  Pylon  
  14  0:25  Probe  
  15  0:33  Probe  
  15  0:41  Probe  
  15  0:42  Gateway  
  16  0:47  Assimilator  
  17  0:51  Probe  
  18  1:03  Probe  
  19  1:15  Probe  
  20  1:25  Nexus  
  20  1:36  Cybernetics Core  
  20  1:39  Probe  
  21  1:44  Assimilator  
  21  1:51  Probe  
  22  1:56  Pylon  
  22  2:03  Probe  
  22  2:04  Adept  
  25  2:16  Probe  
  25  2:19  Stargate  
  26  2:27  Warp Gate  
  26  2:28  Probe  
  27  2:34  Stalker, Probe  
  29  2:37  Probe  
  29  2:42  Probe  
  31  2:45  Probe  
  33  2:52  Probe  
  33  2:53  Oracle  
  33  2:56  Probe  
  35  3:04  Probe  
  39  3:08  Probe  
  39  3:10  Pylon  
  40  3:16  Probe  
  41  3:20  Probe  
  42  3:28  Probe, Robotics Facility  
  42  3:32  Probe, Assimilator  
  42  3:33  Assimilator  
  44  3:39  Gateway  
  44  3:40  Probe  
  45  3:47  Twilight Council  
  45  3:48  Probe  
  46  3:56  Probe  
  46  4:00  Probe  
  46  4:02  Gateway  
  48  4:03  Gateway  
  48  4:08  Probe  
  48  4:09  Warp Prism  
  49  4:10  Pylon  
  49  4:12  Probe  
  50  4:21  Probe  
  53  4:27  Templar Archives  
  53  4:33  Zealot  
  53  4:36  Probe  
  53  4:38  Pylon  
  56  4:41  Probe  
  56  4:45  Observer  
  58  4:54  Nexus  
  58  4:59  Pylon  
  58  5:05  High Templar x3  
  64  5:08  Probe x2  
  64  5:10  High Templar, Archon  
  64  5:13  Immortal, Pylon  
  68  5:15  Archon  
  68  5:20  Forge  
  68  5:28  Probe x2  
  74  5:45  Protoss Ground Weapons Level 1  
  74  5:49  Probe  
  71  5:50  Immortal, Probe  
  71  5:56  Zealot  
  78  5:57  Zealot  
  78  6:03  Gateway  
  80  6:05  Gateway  
  80  6:06  Sentry x2  
  80  6:07  Gateway, Probe  
  80  6:10  Probe x2  
  87  6:17  Immortal, Gateway  
  87  6:25  Probe x2  
  89  6:26  Pylon  
  89  6:27  Sentry  
  89  6:28  Sentry  
  97  6:39  Zealot  
  89  6:40  Photon Cannon  
  89  6:41  Probe x2  
  84  6:48  Zealot  
  80  6:56  Zealot x2  
  78  7:01  Probe x2  
  78  7:02  Probe  
  78  7:06  Zealot  
  77  7:13  Probe  
  74  7:19  Sentry x3  
  70  7:30  Sentry  
  70  7:31  Sentry, Zealot x2  
  70  7:36  Probe x2  
  78  7:43  Immortal  
  82  7:48  Sentry  
  84  7:57  Charge  
  82  8:00  Zealot x3  
  83  8:12  Zealot x3  
  69  8:21  High Templar x2  
  69  8:22  Zealot x2  
  69  8:25  Archon  
  73  8:34  Pylon  
  73  8:38  Zealot x2  
  76  8:45  Pylon  
  76  8:47  Pylon  
  76  8:48  Pylon  
  76  8:50  Pylon  
  66  9:04  High Templar  
  66  9:05  Zealot x3, High Templar  
  72  9:10  Archon  
  72  9:15  Probe  
  69  9:17  Warp Prism  
  69  9:27  Gateway  
  69  9:30  Gateway  
  71  9:31  High Templar  
  71  9:32  Zealot, High Templar  
  71  9:35  Archon  
  77  9:39  Pylon  
  75  9:48  Zealot x2  
Show
View Real Time Build Order
Export as new Build Order

Nerchio Zerg - Winner!

Build Orders: Hatch First 

Get SALT Encoding   

  12  0:00  Drone  
  13  0:12  Overlord  
  13  0:17  Drone  
  14  0:30  Drone x2  
  14  0:34  Drone  
  17  0:53  Hatchery  
  17  0:56  Drone  
  17  0:59  Drone  
  18  1:07  Extractor  
  17  1:14  Spawning Pool  
  17  1:18  Drone  
  17  1:21  Drone  
  18  1:27  Drone  
  19  1:38  Overlord  
  19  1:50  Drone  
  20  2:01  Queen  
  20  2:02  Zergling x2  
  20  2:04  Queen  
  20  2:05  Zergling x2  
  26  2:09  Metabolic Boost  
  26  2:13  Drone  
  27  2:16  Drone  
  28  2:23  Drone  
  28  2:27  Drone  
  30  2:40  Hatchery  
  30  2:41  Drone  
  30  2:44  Drone  
  31  2:48  Overlord  
  31  2:57  Queen  
  33  2:58  Drone  
  33  3:01  Drone  
  33  3:03  Drone  
  36  3:09  Drone  
  36  3:10  Drone x2  
  39  3:13  Drone  
  39  3:17  Overlord  
  40  3:20  Drone x2  
  40  3:22  Drone  
  40  3:26  Spore Crawler  
  42  3:32  Drone x2  
  44  3:35  Lair  
  44  3:42  Roach Warren  
  44  3:44  Drone  
  44  3:45  Drone  
  45  3:48  Drone  
  45  3:53  Drone x2  
  45  3:54  Drone  
  47  3:57  Drone x2  
  47  4:02  Drone  
  50  4:07  Queen  
  50  4:09  Drone  
  53  4:10  Spore Crawler  
  53  4:16  Overlord x2  
  52  4:19  Drone x2  
  52  4:21  Drone  
  52  4:23  Overlord  
  55  4:25  Extractor  
  55  4:28  Overlord  
  54  4:33  Glial Reconstitution  
  54  4:37  Drone x4  
  58  4:38  Overseer  
  58  4:45  Extractor, Drone x3  
  60  4:50  Extractor, Drone x3  
  62  4:55  Overlord x2  
  62  4:58  Roach  
  62  4:59  Roach  
  66  5:03  Queen  
  68  5:08  Roach x2  
  72  5:16  Roach x2  
  72  5:17  Roach x2  
  80  5:22  Overseer  
  80  5:39  Queen, Nydus Network  
  79  5:49  Roach x7  
  89  5:53  Zergling x12  
  89  5:56  Overlord x2  
  95  6:00  Zergling x6  
  98  6:09  Overlord  
  98  6:11  Overlord  
  98  6:17  Nydus Canal  
  98  6:19  Zergling x10  
  98  6:24  Roach  
  105  6:27  Queen  
  105  6:28  Roach  
  105  6:29  Roach x3  
  115  6:34  Roach x3  
  115  6:35  Roach  
  115  6:38  Roach  
  123  6:41  Roach  
  123  6:44  Roach  
  122  6:48  Nydus Canal  
  122  6:50  Drone x2  
  123  6:55  Roach  
  123  6:59  Queen x2  
  126  7:10  Overlord x2  
  119  7:21  Zergling x12  
  111  7:28  Zergling x2  
  109  7:34  Zergling x2  
  98  7:39  Nydus Canal  
  98  7:41  Zergling x6  
  98  7:43  Queen x2  
  105  7:47  Zergling x2  
  105  7:48  Zergling x2  
  105  7:53  Ravager  
  97  7:59  Ravager x6  
  97  8:00  Zergling x6  
  97  8:01  Queen  
  97  8:02  Zergling x2  
  101  8:06  Zergling x2  
  101  8:08  Zergling x2  
  101  8:11  Zergling x2  
  101  8:12  Drone x2  
  100  8:16  Zergling x2  
  100  8:17  Zergling x2  
  100  8:18  Queen x2  
  103  8:20  Zergling x2  
  104  8:27  Zergling x2  
  104  8:28  Zergling x2  
  104  8:29  Zergling x2  
  104  8:33  Spire  
  106  8:35  Roach  
  106  8:37  Queen  
  110  8:43  Roach x2  
  110  8:45  Hatchery  
  112  8:54  Roach x3  
  116  9:02  Roach x2  
  117  9:03  Roach x4  
  117  9:05  Roach x3  
  117  9:06  Roach x2  
  126  9:15  Roach x3  
  125  9:18  Drone x2  
  127  9:24  Drone x2  
  127  9:29  Extractor  
  128  9:32  Extractor  

Tags
 
Add a new tag
Caveats
  • Supply blocks, unpowered buildings, or Contaminate may cause inaccurate times.
  • Supply counts are checked every 10 seconds.